 Dungeon Crawl Stone Soup version 0.22-a0-315-ge0921bb (webtiles) character file.

214 JeffiDaFish the Digger (level 5, -3/28 HPs)
             Began as a Gargoyle Earth Elementalist on Apr 1, 2018.
             Slain by a two-headed ogre
             ... wielding a cursed -1 giant club
              (20 damage)
             ... on level 4 of the Dungeon.
             The game lasted 00:07:54 (3302 turns).

JeffiDaFish the Digger (GrEE)                       Turns: 3302, Time: 00:07:54

Health: -3/28      AC:  8    Str: 11    XL:     5   Next: 91%
Magic:  1/11       EV: 12    Int: 17    God:
Gold:   149        SH:  0    Dex: 12    Spells: 3/12 levels left

rFire    . . .     SeeInvis .   q - +0 dagger (speed)
rCold    . . .     Gourm    .   (no shield)
rNeg     + . .     Faith    .   c - +1 robe
rPois    ∞         Spirit   .   (helmet restricted)
rElec    +         Reflect  .   (no cloak)
rCorr    .         Harm     .   (no gloves)
MR       .....                  (no boots)
Stlth    ++........             (no amulet)
HPRegen  0.09/turn              (no ring)
MPRegen  0.12/turn              (no ring)

@: no status effects
A: horns 1, rugged brown scales 1, thin skeletal structure 1, negative energy
resistance 1, electricity resistance, unbreathing, petrification resistance, rot
immunity, AC +4
a: no special abilities


You were on level 4 of the Dungeon.
You were very hungry.

You visited 1 branch of the dungeon, and saw 4 of its levels.

You collected 149 gold pieces.

Inventory:

Hand Weapons
 a - a +0 mace
 q - a +0 dagger of speed (weapon)
Missiles
 b - 148 stones (quivered)
Armour
 c - a +1 robe (worn)
 i - a +0 buckler
Wands
 m - a wand of acid (11)
Scrolls
 e - a scroll of remove curse
 g - 2 scrolls of teleportation
 k - 2 scrolls of amnesia
 l - a scroll of magic mapping
 p - a scroll of identify
Potions
 f - 2 potions of haste
 n - 2 potions of might
 o - a potion of magic
Comestibles
 d - 5 rations
 h - 6 chunks of flesh


   Skills:
 - Level 1.5 Dodging
 - Level 2.1 Stealth
 + Level 4.1 Spellcasting
   Level 0.7 Transmutations
 + Level 6.0 Earth Magic


You had 3 spell levels left.
You knew the following spells:

 Your Spells              Type           Power        Failure   Level  Hunger
a - Sandblast             Erth           ###...       1%          1    None
b - Stone Arrow           Conj/Erth      ##....       14%         3    ###....
c - Lee's Rapid Deconstr  Erth           ###.......   36%         5    ######.


Dungeon Overview and Level Annotations

Branches:
Dungeon (4/15)
 Temple: D:4-7

Altars:
Makhleb


Innate Abilities, Weirdness & Mutations

You are resistant to torment.
Your stone body is resilient. (AC +4)
You are immune to poison.
You resist negative energy. (rN+)
You are resistant to electric shocks. (rElec)
You can survive without breathing.
You are immune to petrification.
You are immune to rotting.
You have a pair of small horns on your head.
You are partially covered in rugged brown scales. (AC +1, +3% HP)
You have a somewhat thin skeletal structure. (Dex +2, Stealth)


Message History

The two-headed ogre barely misses you.
Casting: Sandblast (safe; 1% risk of failure)
Confirm with . or Enter, or press ? or * to list all spells.
Aiming: Sandblast (safe; 1% risk of failure)
Press: ? - help, Shift-Dir - straight line, f/p - two-headed ogre
Aim: a two-headed ogre, wielding two giant clubs (severely wounded)
The blast of sand misses the two-headed ogre.
b - 149 stones The two-headed ogre hits you but does no damage.
The two-headed ogre completely misses you.
Casting: Sandblast (safe; 1% risk of failure)
Confirm with . or Enter, or press ? or * to list all spells.
Aiming: Sandblast (safe; 1% risk of failure)
Press: ? - help, Shift-Dir - straight line, f/p - two-headed ogre
Aim: a two-headed ogre, wielding two giant clubs (severely wounded)
The blast of sand misses the two-headed ogre.
b - 148 stones The two-headed ogre hits you with a giant club!!
Ouch! That really hurt!
You die...

#.# # #.# . #.#
#.# #.#
################.#
.................#
###.......########
###............O@#
...........#######
...........#
...........#
...........#...
................
...........#....
...........#.....
..........## ....


You could see a two-headed ogre.

Vanquished Creatures
  A big kobold (D:3)
  A bullfrog skeleton (D:4)
  3 adders
  A worm (D:3)
  A dart slug (D:1)
  2 leopard geckos (D:2)
  4 orcs
  2 bats (D:1)
  5 giant cockroaches
  9 goblins
  8 hobgoblins
  4 jackals (D:4)
  2 quokkas (D:3)
  4 frilled lizards
  12 kobolds
  10 rats
69 creatures vanquished.

Notes
Turn   | Place    | Note
-------+----------+-------------------------------------------
     0 | D:1      | JeffiDaFish the Gargoyle Earth Elementalist began the quest for the Orb.
     0 | D:1      | Reached XP level 1. HP: 10/10 MP: 3/3
   236 | D:1      | Reached skill level 4 in Earth Magic
   236 | D:1      | Reached XP level 2. HP: 15/15 MP: 1/5
   950 | D:1      | Gained mutation: You have a somewhat thin skeletal structure. (Dex +2, Stealth) [potion of mutation]
   950 | D:1      | Gained mutation: You have a pair of small horns on your head. [potion of mutation]
   950 | D:1      | Gained mutation: You are partially covered in rugged brown scales. (AC +1, +3% HP) [potion of mutation]
  1013 | D:1      | Reached XP level 3. HP: 19/19 MP: 6/6
  1730 | D:2      | Found a burning altar of Makhleb.
  2019 | D:2      | Reached XP level 4. HP: 18/24 MP: 6/8
  2170 | D:2      | Learned a level 3 spell: Stone Arrow
  2437 | D:3      | Reached skill level 5 in Earth Magic
  2586 | D:3      | Noticed a big kobold
  2639 | D:3      | Killed a big kobold
  2639 | D:3      | Reached XP level 5. HP: 20/28 MP: 0/10
  3041 | D:3      | Learned a level 5 spell: Lee's Rapid Deconstruction
  3201 | D:4      | Noticed a two-headed ogre
  3264 | D:4      | Reached skill level 6 in Earth Magic
  3302 | D:4      | Slain by a two-headed ogre

Vault maps used:
D:1:      elethiomel_arrival_fortress_basement, dk_noncrumbling_2
D:2:      overflow_temple_1_default, kennysheep_generic_room_13
D:3:      cheibrodos_thug_alley
D:4:      minmay_wonky_spiral, lemuel_crystal_altar,
          kennysheep_decorative_pillar

Skill      XL: |  1  2  3  4  5 |
---------------+----------------+-----
Earth Magic    | 4 5 6 |  6.0
Spellcasting   | 3 4 |  4.1
Dodging        | |  1.5
Stealth        | |  2.1
Transmutations | |  0.7

Action                   |  1- 3 |  4- 6 || total
-------------------------+-------+-------++-------
Melee: Unarmed           |    11 |       ||    11
       Dagger            |    76 |   111 ||   187
       Headbutt          |     7 |    10 ||    17
       Mace              |    42 |       ||    42
 Cast: Sandblast         |     9 |    15 ||    24
       Stone Arrow       |       |    11 ||    11
       Lee's Rapid Decon |       |     2 ||     2
  Use: Potion            |     6 |     1 ||     7
       Scroll            |     6 |     3 ||     9
 Stab: Sleeping          |     3 |     5 ||     8
  Eat: Chunk             |     4 |     4 ||     8
Armor: Robe              |    42 |    37 ||    79
Dodge: Dodged            |    90 |    41 ||   131

Table legend:
 A = Spawn XP
 B = Non-spawn XP
 C = Spawn XP percentage of total XP
 D = Spawn monster count
 E = Non-spawn monster count
 F = Spawn count percentage of total count
 G = Total turns spent on level
                    A         B        C        D         E        F      G
               +---------+---------+-------+---------+---------+-------+---------
         Total |       0 |     306 |   0.0 |       0 |      69 |   0.0 |  3302
               +---------+---------+-------+---------+---------+-------+---------
           D:1 |       0 |      41 |   0.0 |       0 |      25 |   0.0 |  1260
           D:2 |       0 |      44 |   0.0 |       0 |      11 |   0.0 |   909
           D:3 |       0 |     166 |   0.0 |       0 |      27 |   0.0 |   960
           D:4 |       0 |      55 |   0.0 |       0 |       6 |   0.0 |   173
               +---------+---------+-------+---------+---------+-------+---------
